blackshift, chaotic male orcish Rogue -- .| --- ----- -..-- --..--.|.--....--- |................| -...G.)@........| ---..(.)f.......- ---...)G.........- --.G..G............. --h..............--- ..............-- .-------------- --- blackshift the Footpad Experience level: 2 Strength: 11 Dexterity: 18 Constitution: 17 Intelligence: 14 Wisdom: 7 Charisma: 9 Health: 0(16) Energy: 6(6) Def: 3 Gold: 88 Moves: 1376 Dungeon seed: 5c2kP7oztufu8QwH Game ID: blackshift_1527880451 Your Inventory: Coins $ - 88 gold pieces Weapons a - a +0 orcish short sword (weapon in hand) b - a +0 orcish dagger (in quiver) j - a +0 war hammer q - a +1 dart r - 9 cursed -1 darts s - a +0 spear u - a cursed +0 dart v - 39 +0 darts Armor e - an uncursed +1 leather armor (being worn) Comestibles i - an uncursed egg Scrolls k - an uncursed scroll of remove curse m - a cursed scroll of remove curse o - an uncursed scroll of teleportation p - an uncursed scroll of confuse monster x - a cursed scroll of light Potions c - an uncursed potion of sickness w - an uncursed potion of gain ability Rings l - a cursed ring of conflict n - an uncursed ring of stealth Tools d - an uncursed lock pick f - an uncursed sack g - an uncursed blindfold y - an uncursed bag of holding Spells and supernatural/magical abilities: Name Level Category Fail Memory W - pray for help -- divine ? -- Your skills at the end: Fighting Skills Weapon Skills dagger [Basic] short sword [Basic] Spellcasting Skills Final Attributes: You were piously aligned. You were poison resistant. You had infravision. You were stealthy. You are dead. Vanquished creatures: a shrieker an acid blob a gnome a gecko 2 jackals a fox 2 sewer rats 2 bats 2 lichens 4 newts 17 creatures vanquished. Voluntary challenges: You were an atheist. You never hit with a wielded weapon. You were illiterate. You never genocided any monsters. You never polymorphed an object. You never changed form. You used no wishes. You never split a pudding. You never wrote Elbereth's name. You never violated your personal moral code. Dungeon overview: The Dungeons of Doom: levels 1 to 4 Level 1 a fountain, some sinks a long staircase Level 2 Level 3 a sink Level 4 a fountain stairs to The Gnomish Mines The Gnomish Mines: Level 5 <- You were here stairs to The Dungeons of Doom History has recorded: On T:1 you entered the Dungeons of Doom to retrieve the Amulet of Yendor! On T:42 you reached level 2 of The Dungeons of Doom. On T:458 you reached level 3 of The Dungeons of Doom. On T:866 you advanced to experience level 2. On T:956 you reached level 4 of The Dungeons of Doom. On T:1249 you reached level 1 of The Gnomish Mines. Score breakdown: Gold: 88 ( 6631 points) Experience: 2 levels ( 5570 points) Exploration: 5 levels ( 10.20%) ( 8660 points) Discoveries: 0 items ( 0.00%) ( 0 points) Valuables value: (no points given unless you survive) Artifact value: 0 ( 0 points) Variety of kills: 10 monsters ( 2.62%) ( 4860 points) Turncount: 1376 turns ( 0 points) Survival: died (score multiplied by 80%) Total score: 20576 Latest messages: The kitten misses the gnomish wizard. The gnomish wizard points at the kitten, then curses. The kitten misses the gnomish wizard. You throw 2 orcish daggers. The 1st orcish dagger hits the gnome king. The 2nd orcish dagger hits the gnome king. The kitten misses the gnomish wizard. The gnomish wizard points at the kitten, then curses. The orcish dagger hits the gnome king. The kitten misses the gnomish wizard. The gnomish wizard points at the kitten, then curses. The gnome king shoots 3 arrows! You are hit by the 1st arrow! You hear the wailing of the Banshee... You are hit by the 2nd arrow. You die... The sack is empty. The bag of holding is empty. The sack is empty. The bag of holding is empty. Final status: Goodbye blackshift the Rogue, killed by an arrow... You died in The Gnomish Mines on dungeon level 5 with 20576 points, and 88 pieces of gold, after 1376 moves. You were level 2 with a maximum of 16 hit points when you died.